 Dungeon Crawl Stone Soup version 0.25.0-37-gb73750e0fb (webtiles) character file.

Game seed: 14636746139418692435

2 ANON1729 the Caller (level 1, -3/13 HPs)
             Began as a Mummy Summoner on July 8, 2020.
             Slain by a goblin (4 damage)
             ... on level 1 of the Dungeon.
             The game lasted 00:00:39 (70 turns).

ANON1729 the Caller (Mummy Summoner)                  Turns: 70, Time: 00:00:43

Health: -3/13      AC:  2    Str: 11    XL:     1   Next: 33%
Magic:  0/4        EV: 12    Int: 14    God:
Gold:   0          SH:  0    Dex: 12    Spells: 4/5 levels left

rFire    x . .     SeeInvis .   (no weapon)
rCold    + . .     Gourm    .   (no shield)
rNeg     + + +     Faith    .   a - +0 robe
rPois    ∞         Spirit   .   (no helmet)
rElec    .         Reflect  .   (no cloak)
rCorr    .         Harm     .   (no gloves)
MR       .....                  (no boots)
Stlth    ++........             (no amulet)
HPRegen  0.04/turn              (no ring)
MPRegen  0.09/turn              (no ring)

@: very slightly contaminated
A: no food or potions, fire vulnerability, cold resistance 1, negative energy
resistance 3, torment resistance, unbreathing
a: no special abilities


You were on level 1 of the Dungeon.
You were not hungry.

You visited 1 branch of the dungeon, and saw 1 of its levels.

Inventory:

Missiles
 b - 4 boomerangs (quivered)
Armour
 a - a +0 robe (worn)
Scrolls
 c - a scroll of immolation {unknown}
 d - a scroll of remove curse {unknown}
 e - a scroll of identify {unknown}


   Skills:
 + Level 1.6 Dodging
 + Level 1.6 Stealth
 + Level 2.8 Spellcasting
 + Level 3.2 Summonings


You had 4 spell levels left.
You knew the following spells:

 Your Spells              Type           Power        Failure   Level  Hunger
a - Summon Small Mammal   Summ           ##..         5%          1    N/A

Your spell library contained the following spells:

 Spells                   Type           Power        Failure   Level  Hunger
 Call Imp                 Summ           ##......     9%          2    N/A
 Call Canine Familiar     Summ           ##......     17%         3    N/A
 Summon Guardian Golem    Hex/Summ       #.......     32%         3    N/A
 Summon Ice Beast         Ice/Summ       #.......     73%         4    N/A
 Summon Lightning Spire   Summ/Air       #.......     73%         4    N/A

Dungeon Overview and Level Annotations

Branches:
Dungeon (1/15)

Altars:


Innate Abilities, Weirdness & Mutations

You do not eat or drink.
Your flesh is vulnerable to fire.
You are immune to poison.
Your flesh is cold resistant. (rC+)
You are immune to negative energy. (rN+++)
You are immune to unholy pain and torment.
You can survive without breathing.


Message History

The jackal barely misses your rat.
Your bat barely misses the jackal.
Your rat bites the jackal but does no damage.
Unknown command.
Casting: Summon Small Mammal (safe; 5% risk of failure)
Confirm with . or Enter, or press ? or * to list all spells.
Your bat barely misses the jackal.
Your bat hits the jackal but does no damage.
The jackal closely misses your rat.
Your bat barely misses the jackal.
Your rat closely misses the jackal.
Throwing (i - inventory)
b - 4 boomerangs (quivered)
Press: ? - help, Shift-Dir - straight line, f - goblin
Aim: a goblin You throw a boomerang.
The boomerang closely misses the goblin.
Your bat hits the jackal but does no damage.
Your bat barely misses the goblin.
The jackal barely misses your rat. The goblin barely misses you.
Your bat hits the goblin. The jackal closely misses your rat.
Your rat bites the jackal.
The goblin hits you.
You die...

######### ........# ##
##############.###...#
.....†................
#####.#####.##.###!..#
#####.# #.##..# .#
......# #.###g##
####### ####### #.#
#.@# ....... ....# #.#
##.##.)..... ≈≈P.# #.#
#rr#g...... ≈≈≈.## #!#
##h#hh..... ≈≈≈..# #.#
#h#.bg.... ≈≈≈..# #.#
#hg# ≈≈≈... .(. ##b#
≈≈≈..# #.. ≈≈≈..# ##.#


You could see 3 jackals, 2 goblins, a friendly bat (summoned) and 2 friendly
rats.

Vanquished Creatures
  A jackal (D:1)
  2 rats (D:1)
3 creatures vanquished.

Notes
Turn   | Place    | Note
-------+----------+-------------------------------------------
     0 | D:1      | ANON1729 the Mummy Summoner began the quest for the Orb.
     0 | D:1      | Reached XP level 1. HP: 13/13 MP: 4/4
    70 | D:1      | Slain by a goblin

Illustrated notes

Levels and vault maps discovered:
D:1:      giann_bridges, layout_basic

Action                   || total
-------------------------++-------
Melee: Unarmed           ||     4
Throw: Boomerang         ||     7
 Cast: Summon Small Mamm ||     3
 Stab: Sleeping          ||     1
Dodge: Dodged            ||    10
